 Dungeon Crawl Stone Soup version 0.28-a0-1032-ga8db75c868 (webtiles) character file.

Game seed: 15743196275978980502

1078 BinkBink the Cutter (level 8, -10/70 HPs)
             Began as a Minotaur Monk on Dec 7, 2021.
             Was an Initiate of Okawaru.
             Killed by divine providence
             ... invoked by an orc priest
              (14 damage)
             ... on level 6 of the Dungeon.
             The game lasted 00:07:49 (5720 turns).

BinkBink the Cutter (Minotaur Monk)                 Turns: 5720, Time: 00:07:50

Health: -10/70     AC:  6    Str: 17    XL:     8   Next: 8%
Magic:  7/7        EV: 15    Int:  7    God:    Okawaru [......]
Gold:   225        SH:  0    Dex: 20    Spells: 7/7 levels left

rFire   . . .      SeeInvis +   a - +0 short sword
rCold   . . .      Faith    .   (no shield)
rNeg    . . .      Spirit   .   v - +2 leather armour "Itaezug" {rElec}
rPois   .          Reflect  .   (helmet restricted)
rElec   +          Harm     .   (no cloak)
rCorr   .          Rampage  .   z - +0 pair of gloves
Will    .....                   (no boots)
Stlth   ++........              (no amulet)
HPRegen 0.21/turn               e - ring of see invisible
MPRegen 0.10/turn               m - +6 ring of dexterity

@: no status effects
A: horns 2, retaliatory headbutt
a: Renounce Religion


You were on level 6 of the Dungeon.
You worshipped Okawaru.
Okawaru was noncommittal.
You visited 2 branches of the dungeon, and saw 7 of its levels.

You collected 225 gold pieces.

Inventory:

Hand Weapons
 a - a +0 short sword (weapon)
 p - a +1 dagger of holy wrath
Missiles
 w - 12 curare-tipped darts (quivered)
 y - 11 poisoned darts
Armour
 b - a +0 robe
 t - the +0 robe "Foshre Serung" {Harm MP+9}
   (You found it on level 4 of the Dungeon)

   MP:        It affects your magic capacity (+9).
   Harm:      It increases damage dealt and taken.
 v - the +2 leather armour "Itaezug" (worn) {rElec}
   (You found it on level 5 of the Dungeon)

   rElec:     It insulates you from electricity.
 z - a +0 pair of gloves (worn)
Jewellery
 e - a ring of see invisible (left hand)
 j - a ring of positive energy
 k - a ring of protection from cold
 m - a +6 ring of dexterity (right hand)
Wands
 o - a wand of flame (35)
Scrolls
 c - 7 scrolls of identify
 d - 3 scrolls of teleportation
 f - a scroll of magic mapping {unknown}
 i - a scroll of enchant weapon {unknown}
 l - a scroll of fear {unknown}
 q - a scroll of acquirement {unknown}
 r - a scroll of amnesia {unknown}
 s - a scroll of fog {unknown}
Potions
 g - 3 potions of flight
 h - a potion of degeneration
 n - 3 potions of curing
 u - a potion of lignification
 x - a potion of might
 A - a potion of heal wounds {unknown}
 B - a potion of magic {unknown}


   Skills:
 + Level 6.2 Fighting
 + Level 7.7 Short Blades
 * Level 3.1 Armour
 + Level 5.3 Dodging
 - Level 3.0 Stealth


You had 7 spell levels left.
You didn't know any spells.
Your spell library contained the following spells:

 Spells                   Type           Power      Damage    Failure   Level
 Slow                     Hex            0%         N/A       50%         1
 Confusing Touch          Hex            0%         N/A       86%         3
 Vampiric Draining        Necr           0%         2d6       86%         3
 Alistair's Intoxication  Tmut/Pois      0%         N/A       100%        5
 Borgnjor's Vile Clutch   Necr/Erth      0%         N/A       100%        5
 Eringya's Noxious Bog    Tmut/Pois      0%         N/A       100%        6


Dungeon Overview and Level Annotations

Branches:
Dungeon (6/15)             Temple (1/1) D:5

Altars:
Ashenzari
Cheibriados
Dithmenos
Elyvilon
Fedhas
Gozag
Hepliaklqana
Kikubaaqudgha
Makhleb
Nemelex Xobeh
Okawaru
Qazlal
Sif Muna
Trog
The Shining One


Innate Abilities, Weirdness & Mutations

You have a pair of horns on your head.
You reflexively headbutt those who attack you in melee.


Message History

The orc priest calls down the wrath of Beogh upon you.
Pain shoots through your body!
You barely miss the scorpion. The scorpion barely misses you.
You furiously retaliate!
You headbutt the scorpion, but do no damage.
You hit the scorpion but do no damage.
You headbutt the scorpion, but do no damage.
The scorpion stings you.
You hit the scorpion but do no damage. The scorpion stings you.
You hit the scorpion. You headbutt the scorpion.
The scorpion is moderately wounded.
The scorpion completely misses you. You furiously retaliate!
You headbutt the scorpion. You hit the scorpion. You headbutt the scorpion.
You kill the scorpion!
Okawaru accepts your kill.
Your Armour skill increases to level 3!
You closely miss the orc warrior.
You hit the orc warrior but do no damage.
You hit the orc priest but do no damage.
The orc warrior hits you with a +0 flail!
The orc priest barely misses you. The orc warrior closely misses you.
The orc priest calls down the wrath of Beogh upon you.
Beogh smites you!
The orc priest invokes the aid of Beogh against you.
Beogh smites you!
* * * LOW HITPOINT WARNING * * *
The orc wizard casts a spell at you. You resist with some effort.
The orc priest miscasts a cantrip.
The orc priest mumbles some strange prayers to Beogh against you.
Pain shoots through your body!
* * * LOW HITPOINT WARNING * * *
The orc wizard casts a spell.
The orc wizard flickers and vanishes for a moment.
The orc priest looks satisfied for a moment.
The orc priest invokes the aid of Beogh against you.
Beogh smites you!
You die...

#### #### ##..# #..# #..##
#..# #..# #..# # ###..# #..##
#### #.#..#### #...# #####...
#.......###...# #####......#
#.####.......<#####......#####
### #####...@.........####
###.#####........#### #.o#
#####.......# #..# ####.....
#..# ####.. #######o.### ###
#..........# ......o....##
........[...#


You could see an orc warrior, an orc priest and an orc wizard (invisible).

Vanquished Creatures
  An ice beast (D:4)
  3 ogres
  A centaur (D:5)
  A necrophage (D:6)
  A phantom (D:5)
  3 scorpions
  A water moccasin zombie (D:5)
  2 iguanas
  2 orc wizards (D:4)
  A killer bee zombie (D:6)
  2 hound skeletons (D:4)
  4 adders
  2 worms (D:5)
  2 dart slugs
  3 orcs
  A bat (D:1)
  5 endoplasms
  4 giant cockroaches
  6 goblins
  7 hobgoblins
  6 jackals
  6 kobolds
  5 quokkas
  7 ball pythons
  A frilled lizard (D:3)
  9 rats
86 creatures vanquished.

Notes
Turn   | Place    | Note
-------+----------+-------------------------------------------
     0 | D:1      | BinkBink the Minotaur Monk began the quest for the Orb.
     0 | D:1      | Reached XP level 1. HP: 19/19 MP: 0/0
    31 | D:1      | Found a faded altar of an unknown god.
    38 | D:1      | Prayed at the altar of an unknown god.
    38 | D:1      | Became a worshipper of Elyvilon the Healer
    38 | D:1      | Reached * piety under Elyvilon
    38 | D:1      | Reached ** piety under Elyvilon
   150 | D:1      | Reached *** piety under Elyvilon
   458 | D:1      | Reached XP level 2. HP: 16/27 MP: 1/1
   999 | D:2      | Reached XP level 3. HP: 25/33 MP: 2/2
  1093 | D:2      | Reached skill level 4 in Short Blades
  1347 | D:2      | Reached **** piety under Elyvilon
  1903 | D:3      | Found an opulent altar of Gozag.
  1908 | D:3      | Found a shadowy altar of Dithmenos.
  1916 | D:3      | Found a hazy altar of Hepliaklqana.
  1954 | D:3      | Noticed a scorpion
  1963 | D:3      | Killed a scorpion
  1964 | D:3      | Reached XP level 4. HP: 21/41 MP: 3/3
  2530 | D:4      | Noticed an ice beast
  2538 | D:4      | Reached XP level 5. HP: 47/47 MP: 4/4
  2551 | D:4      | Killed an ice beast
  2552 | D:4      | Reached skill level 5 in Short Blades
  2585 | D:4      | Noticed an ogre
  2918 | D:4      | Reached XP level 6. HP: 40/55 MP: 5/5
  3006 | D:4      | Found a shimmering blue altar of Sif Muna.
  3039 | D:4      | Found a burning altar of Makhleb.
  3109 | D:4      | Identified the +4 scale mail of Enormous the Good {rElec
                  | rC- Int+7 Dex-2}
  3327 | D:4      | Reached skill level 5 in Fighting
  3544 | D:4      | Identified the +0 robe "Foshre Serung" {Harm MP+9}
  3645 | D:4      | Reached skill level 6 in Short Blades
  3666 | D:4      | Noticed a cacodemon
  3669 | D:4      | Noticed a ynoxinul
  3669 | D:4      | Noticed an orange demon
  3714 | D:5      | Entered Level 5 of the Dungeon
  3722 | D:5      | Identified the +2 leather armour "Itaezug" {rElec}
  3752 | D:5      | Reached skill level 1 in Armour
  3752 | D:5      | Reached XP level 7. HP: 61/61 MP: 6/6
  4058 | D:5      | Reached ***** piety under Elyvilon
  4065 | D:5      | Reached skill level 7 in Short Blades
  4111 | D:5      | Reached skill level 5 in Dodging
  4553 | D:5      | Found a staircase to the Ecumenical Temple.
  4611 | D:5      | Noticed a wyvern
  5021 | D:5      | Found a sparkling altar of Nemelex Xobeh.
  5373 | Temple   | Entered the Ecumenical Temple
  5485 | Temple   | Fell from the grace of Elyvilon
  5486 | Temple   | Became a worshipper of Warmaster Okawaru
  5568 | D:6      | Reached XP level 8. HP: 70/70 MP: 7/7
  5710 | D:6      | HP: 2/70 [orc priest/nerve-wracking pain (12)]
  5720 | D:6      | Killed from afar by an orc priest

Illustrated notes

Levels and vault maps discovered:
D:1:      saegor_arrival_simple_a, layout_loops_cross,
          ebering_ecumenical_altar_abandoned
D:2:      layout_rooms, minmay_pentomino_r2
D:3:      minmay_inner_zag, layout_rooms, grunt_temple_overflow_open
D:4:      layout_cave_pools, nicolae_sif_muna_condensation,
          makhleb_altar_promises_db
D:5:      layout_layer_cave, lemuel_crystal_altar, temple_hall,
          minmay_fractal_squares_gapless_5
D:6:      layout_cave_pods, dancing_weapons_uskayaw, uniq_blork_the_orc
Temple:   kb_temple_of_zot

Skill      XL: |  1  2  3  4  5  6  7  8 |
---------------+-------------------------+-----
Fighting       | 4 5 6 |  6.2
Short Blades   | 4 5 6 7 |  7.7
Stealth        | 2 3 |  3.0
Dodging        | 4 5 |  5.3
Armour         | 1 2 3 |  3.1

Action                   |  1- 3 |  4- 6 |  7- 9 || total
-------------------------+-------+-------+-------++-------
Melee: Short sword       |    96 |    94 |    79 ||   269
       Headbutt          |    15 |    26 |    17 ||    58
Invok: Renounce Religion |       |       |     1 ||     1
  Use: Potion            |       |     5 |     1 ||     6
       Scroll            |       |       |     2 ||     2
 Stab: Sleeping          |     2 |     4 |     5 ||    11
Armor: Robe              |    10 |    10 |       ||    20
       Skin              |       |     3 |       ||     3
       Leather armour    |       |       |    16 ||    16
Dodge: Dodged            |    50 |    50 |    41 ||   141

Table legend: (Time is in decaauts)
 A = Elapsed time spent in this place.
 B = Non-inter-level travel time spent in this place.
 C = Inter-level travel time spent in this place.
 D = Time resting spent in this place.
 E = Time spent auto-exploring this place.
 F = Levels seen in this place.
 G = Mean time per level.
                   A        B        C        D        E       F      G
               +--------+--------+--------+--------+--------+-----+--------+
         Total |   5674 |   5309 |    365 |      0 |   4579 |   7 |  810.6 |
       Dungeon |   5530 |   5214 |    316 |      0 |   4492 |   6 |  921.7 |
        Temple |    143 |     94 |     49 |      0 |     87 |   1 |  143.0 |
               +--------+--------+--------+--------+--------+-----+--------+

Top non-repeatable levels by time:
     D:5: 1667 daAuts
     D:3: 1203 daAuts
     D:4: 883 daAuts
     D:2: 823 daAuts
     D:1: 778 daAuts
     D:6: 174 daAuts
  Temple: 143 daAuts
